 Dungeon Crawl Stone Soup version 0.30-a0-568-g124715a40b (webtiles) character file.

Game seed: 17424134713289568946

54 sokol815 the Sneak (level 4, 0/28 HPs)
             Began as a Kobold Delver on Dec 28, 2022.
             Killed from afar by Natasha (7 damage)
             ... with a magic dart
             ... on level 3 of the Dungeon.
             The game lasted 00:01:36 (604 turns).

sokol815 the Sneak (Kobold Delver)                   Turns: 604, Time: 00:01:36

Health: 0/28       AC:  3    Str:  9    XL:     4   Next: 12%
Magic:  4/4        EV: 14    Int: 11    God:
Gold:   90         SH:  0    Dex: 18    Spells: 3/3 levels left

rFire   . . .      SeeInvis .    a - +0 short sword
rCold   . . .      Faith    .    (no shield)
rNeg    . . .      Spirit   .    b - +0 leather armour
rPois   .          Reflect  .    (no helmet)
rElec   .          Harm     .    (no cloak)
rCorr   .          Rampage  .    (no gloves)
Will    .....                    (no boots)
Stlth   ++++                     (no amulet)
HPRegen 0.24/turn                (no ring)
MPRegen 0.09/turn                (no ring)

@: slowed, very slow
A: small, no large weapons, nightstalker 3
a: no special abilities


You were on level 3 of the Dungeon.
You visited 1 branch of the dungeon, and saw 4 of its levels.

You collected 90 gold pieces.

Inventory:

Hand Weapons
 a - a +0 short sword (weapon)
Missiles
 f - 6 atropa-tipped darts
 g - 4 poisoned darts
Armour
 b - a +0 leather armour (worn)
Wands
 d - a wand of digging (3)
Scrolls
 c - a scroll of fog
 e - a scroll of brand weapon {unknown}
 E - a scroll of fear
 X - a scroll of magic mapping {@r4!r}


   Skills:
 - Level 3.2 Fighting
 + Level 5.4 Short Blades
 - Level 2.4 Dodging
 - Level 6.6 Stealth


You had 3 spell levels left.
You didn't know any spells.
Your spell library was empty.

Dungeon Overview and Level Annotations

Branches:
Dungeon (5/15) Zot: 23414
 Temple: D:4-7

Altars:

Annotations:
D:3 Natasha
D:4 exclusion: 2 lemures


Innate Abilities, Weirdness & Mutations

You are small and have problems with some larger weapons.
You are completely attuned to the shadows.


Message History

You take 10 damage, and have 18/28 hp.
MASSIVE DAMAGE!!
You hit the gnoll bouda but do no damage.
The gnoll bouda hits you with a +0 whip.
You take 5 damage, and have 13/28 hp.
You are too injured to fight recklessly!
You are too injured to fight recklessly!
You feel yourself speed up. The gnoll bouda barely misses you.
You hit the gnoll bouda but do no damage.
You hit the gnoll bouda.
The gnoll bouda hits you with a +0 whip!
* * * LOW HITPOINT WARNING * * *
You take 11 damage, and have 2/28 hp.
MASSIVE DAMAGE!!
Okay, then.
You aren't carrying any potions.
Unknown command.
You see here a +0 spear.
Your extra speed is starting to run out.
You feel yourself slow down.
Found a stone staircase leading up.
There is a stone staircase leading up here.
You start resting.
Health restored: 28 You climb upwards.
There is a stone staircase leading down here.
A ball python comes into view.
The ball python hisses angrily.
The ball python barely misses you. The ball python misses you.
You hit the ball python. You hit the ball python.
The ball python completely misses you. The ball python barely misses you.
You hit the ball python.
You kill the ball python!
No target in view!
No target in view!
g - 4 poisoned darts
Found a stone staircase leading up.
There is a stone staircase leading up here.
You climb upwards.
There is a stone staircase leading down here.
You open the door.
There is an open door here.
A goblin comes into view. It is wielding a +0 dagger.
You see here a +0 dagger.
A goblin comes into view. It is wielding a +0 club.
The goblin shouts! x2; You hear an angry hiss.
A dart slug comes into view.
Natasha, Servant of Life and Death comes into view.
You hit the goblin. You hit the goblin.
You kill the goblin!
An endoplasm comes into view.
The goblin hits you but does no damage. Natasha claws you.
The dart slug launches a dart at you. The slug dart misses you.
You see here a +0 dagger.
You take 2 damage, and have 26/28 hp.
You barely miss Natasha. The goblin misses you.
Natasha stares at you and mumbles some strange words.
The magic dart hits you!
You take 9 damage, and have 17/28 hp.
MASSIVE DAMAGE!!
Natasha attacks as you move away! Natasha claws you.
You take 3 damage, and have 14/28 hp.
Natasha attacks as you move away! Natasha misses you.
The goblin attacks as you move away! The goblin barely misses you.
The endoplasm hits you but does no damage.
You see here a +0 dagger.
The goblin attacks as you move away! The goblin hits you but does no damage.
Natasha attacks as you move away! Natasha claws you.
Natasha mewls in sadness.
You take 2 damage, and have 12/28 hp.
Natasha closely misses you. Natasha attacks as you move away!
Natasha closely misses you.
Natasha stares at you and mumbles some strange words.
You feel yourself slow down.
Natasha casts a spell.
Natasha hisses.
There is a stone staircase leading down here.
You can't go up here!
Natasha barely misses you.
The crimson imp blinks!
You climb downwards.
The crimson imp disappears in a puff of smoke!
There is a stone staircase leading up here.
You closely miss Natasha. Natasha casts a spell at you.
You resist with some effort. Natasha claws you.
You take 5 damage, and have 10/28 hp.
You hit Natasha but do no damage.
Natasha stares at you and mumbles some strange words.
The magic dart hits you.
* * * LOW HITPOINT WARNING * * *
You take 3 damage, and have 7/28 hp.
You hit Natasha. Natasha closely misses you.
You hit Natasha. You punch Natasha. Natasha closely misses you.
You hit Natasha. Natasha casts a spell at you. The magic dart hits you!
You die...

#.# #.# #.#
.. #.##.#
#@#..#
##h..#
##..###
#...#
######.#.#
#......#.##
##.###......
#..# #......
########.##
#......


You could see Natasha.

Vanquished Creatures
  A hound (D:4)
  An adder (D:4)
  2 endoplasms (D:4)
  2 giant cockroaches (D:4)
  A goblin (D:2)
  2 hobgoblins (D:4)
  3 ball pythons
12 creatures vanquished.

Notes
Turn   | Place    | Note
-------+----------+-------------------------------------------
     0 | D:5      | sokol815 the Kobold Delver began the quest for the Orb.
     0 | D:5      | Reached XP level 1. HP: 14/14 MP: 1/1
   165 | D:4      | Reached skill level 3 in Short Blades
   167 | D:4      | Noticed a lemure
   200 | D:4      | Noticed a lemure
   342 | D:4      | Reached skill level 4 in Short Blades
   342 | D:4      | Reached XP level 2. HP: 19/19 MP: 2/2
   393 | D:4      | Reached skill level 5 in Short Blades
   393 | D:4      | Reached XP level 3. HP: 23/23 MP: 3/3
   393 | D:4      | Reached XP level 4. HP: 28/28 MP: 4/4
   402 | D:4      | HP: 2/28 [gnoll bouda/+0 whip (11)]
   585 | D:2      | Noticed Natasha
   601 | D:3      | HP: 7/28 [Natasha/magic dart (4)]
   604 | D:3      | Killed from afar by Natasha

Illustrated notes

Levels and vault maps discovered:
D:2:      minmay_general_purpose_star, layout_basic, uniq_natasha
D:3:      layout_rooms, nicolae_overflow_crystal_walls,
          nemelex_xobeh_ov_fountains_minmay, uniq_ijyb, uniq_sigmund
D:4:      minmay_inner_zag, layout_loops_ring, gammafunk_ghost_smash,
          minmay_goblin_outpost, uniq_pikel
D:5:      layout_cave_pods, mainiacjoe_overflow_brackets, uniq_blork_the_orc

Skill      XL: |  1  2 |
---------------+-------+-----
Short Blades   | 4 5 |  5.4
Fighting       | |  3.2
Dodging        | |  2.4
Stealth        | |  6.6

Action                   |  1- 3 |  4- 6 || total
-------------------------+-------+-------++-------
Melee: Short sword       |    17 |    17 ||    34
       Punch             |       |     1 ||     1
  Use: Potion            |       |     1 ||     1
 Stab: Sleeping          |     7 |     1 ||     8
Armor: Leather armour    |     1 |     3 ||     4
Dodge: Dodged            |     4 |    15 ||    19

Table legend: (Time is in decaauts)
 A = Elapsed time spent in this place.
 B = Non-inter-level travel time spent in this place.
 C = Inter-level travel time spent in this place.
 D = Time resting spent in this place.
 E = Time spent auto-exploring this place.
 F = Levels seen in this place.
 G = Mean time per level.
                   A        B        C        D        E       F      G
               +--------+--------+--------+--------+--------+-----+--------+
         Total |    584 |    584 |      0 |     92 |    320 |   4 |  146.0 |
       Dungeon |    584 |    584 |      0 |     92 |    320 |   4 |  146.0 |
               +--------+--------+--------+--------+--------+-----+--------+

Top non-repeatable levels by time:
     D:4: 440 daAuts
     D:5: 64 daAuts
     D:3: 49 daAuts
     D:2: 30 daAuts

Table legend:
 A = Kills in this place as a percentage of kills in entire the game.
 B = Kills by you in this place as a percentage of kills by you in the entire game.
 C = Kills by friends in this place as a percentage of kills by friends in the entire game.
 D = Other kills in this place as a percentage of other kills in the entire game.
 E = Experience gained in this place as a percentage of experience gained in the entire game.
 F = Experience gained in this place divided by the number of levels of this place that you have seen.
                   A       B       C       D       E      F
               +-------+-------+-------+-------+-------+----------------------
         Total | 100.0 | 100.0 |   N/A |   N/A | 100.0 |  19.5
       Dungeon | 100.0 | 100.0 |   N/A |   N/A | 100.0 |  19.5
               +-------+-------+-------+-------+-------+----------------------
